 Dungeon Crawl Stone Soup version 0.31-a0-214-gb37851dbb3 (webtiles) character file.

Game seed: 6347037814789619074

154 qw the Shooter (level 5, -2/45 HPs)
             Began as a Minotaur Hexslinger on July 1, 2023.
             Slain by Grinder (5 damage)
             ... on level 3 of the Dungeon.
             The game lasted 00:00:55 (2666 turns).

qw the Shooter (Minotaur Hexslinger)                Turns: 2666, Time: 00:00:56

Health: -2/45      AC:  7    Str: 13    XL:     5   Next: 13%
Magic:  5/5        EV: 11    Int: 10    God:
Gold:   166        SH:  0    Dex: 14    Spells: 5/6 levels left

rFire   . . .        Y - +1 sling
rCold   . . .        (no shield)
rNeg    . . .        f - +0 ring mail
rPois   .            (helmet restricted)
rElec   .            d - +0 cloak
rCorr   .            (no gloves)
SInv    .            b - +0 pair of boots
Will    .....        e - amulet of faith
Stlth   +            (no ring)
HPRegen 0.27/turn    (no ring)
MPRegen 0.09/turn

%: faith
@: no status effects
A: horns 2, retaliatory headbutt
a: no special abilities


You were on level 3 of the Dungeon.
You visited 1 branch of the dungeon, and saw 3 of its levels.

You collected 166 gold pieces.


Innate Abilities, Weirdness & Mutations

You have a pair of horns on your head.
You reflexively headbutt those who attack you in melee.


   Skills:
 - Level 3.0 Fighting
 + Level 5.1 Ranged Weapons
 - Level 1.0 Armour
 - Level 2.1 Dodging
 - Level 1.0 Spellcasting
 - Level 2.0 Hexes


You had 5 spell levels left.
You knew the following spells:

 Your Spells              Type           Power      Damage    Failure   Level
a - Slow                  Hex            16%        N/A       32%         1

Your spell library contained the following spells:

 Spells                   Type           Power      Damage    Failure   Level
 Inner Flame              Hex/Fire       2%         N/A       82%         3
 Portal Projectile        Hex/Tloc       4%         N/A       82%         3
 Cause Fear               Hex            2%         N/A       97%         4

Inventory:

Hand Weapons
 Y - a +1 sling (weapon)
Armour
 b - a +0 pair of boots (worn)
 d - a +0 cloak (worn)
 f - a +0 ring mail (worn)
Jewellery
 c - the ring "Pahiarr" {Fire *Slow rPois rCorr}
   (You found it on level 3 of the Dungeon)

   [ring of fire]

   It enhances your fire magic.
   rF:        It protects you from fire.
   rC:        It makes you vulnerable to cold.
   rPois:     It protects you from poison.
   rCorr:     It protects you from acid and corrosion.
   *Slow:     It may slow you when you take damage.
 e - an amulet of faith (around neck)
Potions
 a - 4 potions of curing
 g - a potion of cancellation {unknown}

Dungeon Overview and Level Annotations

Branches:
Dungeon (3/15)

Altars:
Gozag

Annotations:
D:3 Grinder


Message History

Grinder is heavily wounded.
Grinder barely misses you.
You shoot a sling bullet. The sling bullet hits Grinder.
Grinder is heavily wounded.
Grinder closely misses you. Grinder gestures at you.
Pain shoots through your body!
You shoot a sling bullet. The sling bullet hits Grinder.
Grinder is severely wounded.
Grinder hits you.
You writhe in agony.
You shoot a sling bullet. The sling bullet barely misses Grinder.
Grinder hits you!
You shoot a sling bullet.
The sling bullet closely misses Grinder.
Grinder hits you.
You writhe in agony.
You shoot a sling bullet. The sling bullet hits Grinder.
Grinder is severely wounded.
Grinder hits you.
Grinder blinks!
You start resting.
Grinder is nearby!
You shoot a sling bullet.
The sling bullet closely misses Grinder.
You shoot a sling bullet. The sling bullet hits Grinder.
Grinder is almost dead.
Grinder says, "I used to sell toenails on the black market."
You start resting.
Grinder is nearby!
You shoot a sling bullet.
The sling bullet closely misses Grinder.
You start resting.
Grinder is nearby!
You shoot a sling bullet. The sling bullet hits Grinder.
Grinder is almost dead.
Grinder barely misses you.
Grinder says, "Tell me all your secrets, or I'll kill you."
Grinder hits you but does no damage.
You shoot a sling bullet. The sling bullet hits Grinder.
Grinder is almost dead.
Grinder hits you.
You writhe in agony.
You die...

#######.#..... ........#
..#...#.#..... ........#
#.#.#.#.#..... ........#
#.#.....#..... ........#
#.###.#.#..... ........#
#.# #.###.....
......###.# #.# ###...
#.......###.# #.##
##.#.#@........#####.#.
....%.5%................
..#.###..#######......#.
#..# ..%....... #..#
.......... #..#
.......... #..#
........#. #..#
........#. #..#
.......#.


You could see Grinder.

Vanquished Creatures
  An orc priest (D:3)
  Robin (D:2)
  2 adders (D:2)
  2 worms
  3 dart slugs
  5 orcs (D:3)
  7 ball pythons
  6 endoplasms
  5 giant cockroaches
  13 goblins
  3 hobgoblins
  6 jackals (D:1)
  4 kobolds (D:1)
  4 quokkas
  2 bats
  3 frilled lizards
  5 rats
72 creatures vanquished.

Notes
Turn   | Place    | Note
-------+----------+-------------------------------------------
     0 | D:1      | qw the Minotaur Hexslinger began the quest for the Orb.
     0 | D:1      | Reached XP level 1. HP: 16/16 MP: 1/1
     0 | D:1      | 0 ||| qw: Version: 0.3-a-32-g5962c71
     0 | D:1      | 0 ||| qw: Game counter: 7508
     0 | D:1      | 0 ||| qw: Melee chars always use a shield: true
     0 | D:1      | 0 ||| qw: God list: Okawaru
     0 | D:1      | 0 ||| qw: Allow faded altars: false
     0 | D:1      | 0 ||| qw: Do Orc after clearing Dungeon:15 true
     0 | D:1      | 0 ||| qw: Do second Lair branch before Depths: true
     0 | D:1      | 0 ||| qw: Lair rune preference: random
     0 | D:1      | 0 ||| qw: Goals: Normal
     0 | D:1      | 0 ||| PLANNING D:1-11
   215 | D:1      | HP: 2/16 [quokka (5)]
   358 | D:1      | Reached skill level 3 in Ranged Weapons
   360 | D:1      | Reached XP level 2. HP: 20/23 MP: 2/2
   499 | D:1      | Reached XP level 3. HP: 29/29 MP: 3/3
   971 | D:1      | 971 ||| READING 3 scrolls labelled ZUEZEV WETAGENG.
   972 | D:1      | 972 ||| READING scroll labelled GUQIZA NYIGY.
   977 | D:1      | 977 ||| DROPPING 2 scrolls of immolation.
   978 | D:1      | 978 ||| DROPPING scroll of poison.
  1008 | D:2      | Reached skill level 4 in Ranged Weapons
  1053 | D:2      | Found a faded altar of an unknown god.
  1199 | D:2      | Reached XP level 4. HP: 24/36 MP: 4/4
  1566 | D:2      | Noticed Robin
  1581 | D:2      | HP: 7/36 [Robin/+0 short sword (4)]
  1582 | D:2      | 1582 ||| READING scroll of teleportation.
  1583 | D:2      | HP: 3/36 [Robin/+0 short sword (3)]
  1584 | D:2      | HP: 1/36 [Robin/+0 short sword (2)]
  1752 | D:2      | Killed Robin
  1753 | D:2      | Reached skill level 5 in Ranged Weapons
  1825 | D:2      | Found an opulent altar of Gozag.
  2142 | D:2      | 2142 ||| UPGRADING to +0 pair of boots.
  2147 | D:2      | 2147 ||| UPGRADING to +0 cloak.
  2152 | D:2      | 2152 ||| UPGRADING to +0 ring mail.
  2162 | D:2      | 2162 ||| DROPPING +0 robe.
  2163 | D:2      | 2163 ||| UPGRADING to amulet of faith.
  2168 | D:2      | 2168 ||| READING scroll labelled JUEROO QUASKEN.
  2169 | D:2      | 2169 ||| READING scroll labelled DEKKIO NAKHAO.
  2170 | D:2      | 2170 ||| DRINKING 4 brown potions.
  2237 | D:3      | Identified the ring "Pahiarr" {Fire *Slow rPois rCorr}
  2268 | D:3      | HP: 9/36 [orc/+0 club (2)]
  2270 | D:3      | Reached skill level 1 in Armour
  2271 | D:3      | Reached XP level 5. HP: 10/44 MP: 5/5
  2272 | D:3      | HP: 2/44 [orc/+0 hand axe (5)]
  2274 | D:3      | Reached skill level 3 in Fighting
  2646 | D:3      | Noticed Grinder
  2657 | D:3      | HP: 11/45 [Grinder (4)]
  2658 | D:3      | HP: 4/45 [Grinder (2)]
  2666 | D:3      | HP: 3/45 [Grinder (3)]
  2666 | D:3      | Slain by Grinder

Levels and vault maps discovered:
D:1:      tarquinn_simple_flora_water_f, layout_basic, due_unseen_surprise
D:2:      layout_basic, basic_ecumenical_altar, basic_altar, minmay_liquid_box,
          uniq_robin
D:3:      layout_basic, serial_bayou_crossing, uniq_grinder

Skill      XL: |  1  2  3  4  5 |
---------------+----------------+-----
Ranged Weapons | 3 4 5 |  5.1
Fighting       | 2 3 |  3.0
Armour         | 1 |  1.0
Dodging        | |  2.1
Spellcasting   | |  1.0
Hexes          | |  2.0

Action                     |  1- 3 |  4- 6 || total
---------------------------+-------+-------++-------
   Fire: Sling             |   113 |   121 ||   234
    Use: Scroll            |     2 |     3 ||     5
         Potion            |       |     1 ||     1
 Armour: Robe              |    10 |     6 ||    16
         Ring mail         |       |    16 ||    16
  Dodge: Dodged            |    38 |    41 ||    79

Table legend:
 A = Non-vault XP
 B = Vault XP
 C = Vault XP percentage of total XP
 D = Non-vault monster count
 E = Vault monster count
 F = Vault count percentage of total count
                 A         B        C        D         E       F
            +---------+---------+-------+---------+---------+-------
      Total |     191 |      29 |  13.2 |      64 |       8 |  11.1
            +---------+---------+-------+---------+---------+-------
        D:1 |      53 |       0 |   0.0 |      28 |       0 |   0.0
        D:2 |      63 |      29 |  31.5 |      21 |       8 |  27.6
        D:3 |      75 |       0 |   0.0 |      15 |       0 |   0.0
            +---------+---------+-------+---------+---------+-------
